Map: Golden Wall LE

Players

antagomiR

  • Race: Protoss Protoss
  • League: Gold
  • Spawn Location: 5:00

xaerox - Winner!

  • Race: Terran Terran
  • Spawn Location: 7:00

VOD

Have the link to the VOD?

Description

Time

  • Played on: April 3, 2020, 2:02 a.m.
  • Length: 11:02
Show
View Real Time Build Order
Export as new Build Order

antagomiR Protoss 

Build Orders:  

Get SALT Encoding   

  12  0:01  Probe  
  13  0:13  Probe  
  14  0:19  Pylon  
  14  0:25  Probe  
  15  0:37  Probe  
  15  0:38  Gateway  
  16  0:49  Probe  
  17  0:51  Assimilator  
  17  1:01  Probe  
  18  1:13  Probe  
  20  1:25  Probe  
  20  1:27  Cybernetics Core  
  20  1:37  Probe  
  20  1:38  Assimilator  
  21  1:43  Pylon  
  21  1:49  Probe  
  21  2:02  Probe  
  21  2:03  Warp Gate (Chrono Boost)  
  21  2:08  Gateway  
  22  2:09  Gateway  
  22  2:14  Probe, Stalker (Chrono Boost)  
  25  2:29  Probe  
  26  2:41  Probe  
  27  2:52  Pylon  
  27  2:54  Probe  
  27  2:58  Pylon  
  28  3:01  Stalker  
  30  3:06  Probe  
  31  3:13  Twilight Council  
  31  3:25  Probe  
  32  3:34  Nexus  
  32  3:37  Probe, Stalker  
  35  3:43  Stalker  
  37  3:57  Pylon  
  37  3:59  Pylon  
  37  4:01  Stalker  
  39  4:05  Sentry  
  41  4:14  Stalker  
  43  4:32  Stalker x2  
  43  5:05  Stalker x3  
  35  5:25  Probe x2, Shield Battery  
  37  5:37  Gateway  
  37  5:38  Gateway, Stalker  
  37  5:40  Stalker  
  37  5:42  Assimilator, Blink (Chrono Boost)  
  41  5:46  Assimilator  
  41  5:49  Probe x2  
  43  6:01  Probe  
  44  6:10  Probe  
  45  6:13  Probe  
  45  6:15  Stalker  
  45  6:18  Sentry  
  50  6:22  Probe  
  50  6:25  Probe  
  52  6:34  Probe  
  52  6:37  Probe  
  54  6:45  Stalker x3  
  54  6:47  Probe, Sentry  
  61  6:48  Pylon  
  61  6:49  Probe, Zealot  
  66  6:59  Probe  
  66  7:00  Robotics Facility  
  67  7:01  Probe  
  67  7:07  Pylon  
  68  7:29  Stalker x2  
  72  7:30  Stalker x3  
  72  7:35  Probe x2  
  80  7:47  Probe x2  
  82  7:55  Stalker x2  
  82  7:56  Stalker x3  
  92  7:59  Probe x2  
  94  8:07  Pylon  
  94  8:10  Pylon  
  94  8:11  Probe  
  54  8:37  Stalker x2  
  54  8:38  Stalker x3  
  62  9:01  Zealot x3  
  64  9:03  Zealot x2  
  62  9:22  Stalker  
  62  9:23  Stalker x3  
  27  9:53  Stalker  
  21  10:03  Zealot  
  5  10:24  Probe  
Show
View Real Time Build Order
Export as new Build Order

xaerox Terran - Winner!

Build Orders:  

Get SALT Encoding   

  12  0:01  SCV  
  13  0:13  SCV  
  14  0:22  Supply Depot  
  14  0:25  SCV  
  15  0:44  SCV  
  15  0:45  Barracks  
  15  0:49  Barracks  
  16  0:56  SCV  
  17  1:15  SCV  
  18  1:20  Command Center  
  18  1:27  SCV  
  18  1:32  Refinery  
  19  1:37  Marine  
  19  1:39  SCV  
  21  1:49  Supply Depot  
  21  1:52  SCV  
  22  2:04  SCV  
  23  2:11  Marine  
  24  2:16  SCV  
  24  2:18  Refinery  
  25  2:25  Supply Depot  
  25  2:28  SCV  
  26  2:32  Marine  
  26  2:34  SCV  
  28  2:40  SCV  
  29  2:46  SCV  
  29  2:52  SCV, Factory  
  30  3:05  SCV, Barracks  
  32  3:08  Orbital Command  
  31  3:17  SCV  
  32  3:21  Marine  
  33  3:29  SCV  
  34  3:39  Factory Tech Lab  
  34  3:40  Engineering Bay  
  34  3:52  Bunker  
  34  3:56  Marine  
  34  4:00  SCV  
  34  4:01  Siege Tank  
  39  4:05  Marine  
  40  4:10  Bunker  
  40  4:11  SCV  
  40  4:14  Marine  
  42  4:18  SCV  
  42  4:20  Terran Infantry Weapons Level 1  
  42  4:23  SCV, Marine  
  45  4:27  Starport  
  45  4:30  SCV  
  46  4:32  Marine  
  46  4:35  SCV  
  48  4:41  Marine  
  48  4:43  SCV  
  50  4:51  Barracks  
  49  4:55  SCV  
  45  5:07  SCV  
  45  5:12  SCV  
  47  5:22  SCV  
  47  5:24  SCV  
  47  5:25  Refinery  
  47  5:27  Refinery  
  49  5:31  Starport Reactor  
  49  5:34  SCV  
  50  5:36  SCV  
  50  5:40  Marine  
  50  5:41  Marine  
  53  5:44  Barracks Tech Lab  
  53  5:46  SCV  
  53  5:49  Barracks  
  54  5:56  Barracks  
  54  6:05  Supply Depot  
  54  6:12  Orbital Command  
  54  6:14  Terran Infantry Armor Level 1  
  54  6:22  Barracks Reactor  
  54  6:26  SCV, Medivac, Siege Tank  
  60  6:37  Barracks Reactor  
  60  6:38  SCV  
  61  6:47  Missile Turret x2  
  61  6:48  Barracks Reactor, Barracks Tech Lab  
  61  6:50  SCV  
  61  6:51  Barracks Reactor x2  
  62  7:11  Stimpack  
  62  7:15  Supply Depot  
  62  7:18  Supply Depot  
  62  7:35  Supply Depot  
  62  7:36  Marine x7, SCV  
  70  7:39  Armory  
  70  7:40  Siege Tank  
  70  7:41  Medivac x2  
  77  7:48  SCV  
  78  7:54  Barracks  
  78  7:56  Marine x8  
  86  8:17  Marine  
  86  8:19  SCV  
  84  8:21  SCV  
  76  8:31  SCV  
  70  8:37  Marine x5  
  65  8:42  Marine x2  
  65  8:43  Marine x2, SCV  
  63  8:51  Siege Tank  
  63  8:55  Marine x5, SCV  
  68  9:00  Marine x3  
  66  9:09  Marine  
  56  9:18  Marine x2  
  56  9:21  Marine x5  
  56  9:23  Siege Tank  
  50  9:51  Marine  
  50  9:52  Marine x2  
  47  9:54  Marine  
  47  9:55  Marine x2  
  47  9:57  Siege Tank  
  39  10:02  Marine x2  
  31  10:10  Marine  
  31  10:12  Marine x3  
  33  10:29  Siege Tank  
Tags
 
League
Gold
Matchup
PvT
Replay Pack
20200422
Spawn Locations
Close Positions
Add a new tag
Caveats
  • Supply blocks, unpowered buildings, or Contaminate may cause inaccurate times.
  • Supply counts are checked every 10 seconds.